 Dungeon Crawl Stone Soup version 0.30.0-5-g1a98f26d00 (webtiles) character file.

Game seed: 6545352336222301598

11 SnakkuSnakku7 the Sneak (level 2, 0/15 HPs)
             Began as a Vampire Hedge Wizard on May 9, 2023.
             Slain by a quokka (4 damage)
             ... on level 1 of the Dungeon.
             The game lasted 00:00:37 (430 turns).

SnakkuSnakku7 the Sneak (Vampire Hedge Wizard)       Turns: 430, Time: 00:00:38

Health: 0/15       AC:  3    Str:  9    XL:     2   Next: 17%
Magic:  5/6        EV: 12    Int: 16    God:
Gold:   48         SH:  0    Dex: 13    Spells: 6/7 levels left

rFire   . . .        a - +0 dagger
rCold   + + .        (no shield)
rNeg    + + +        b - +0 robe
rPois   ∞            c - +0 hat
rElec   .            (no cloak)
rCorr   .            i - +0 pair of gloves
SInv    +            (no boots)
Will    .....        (no amulet)
Stlth   ++++         (no ring)
HPRegen 0.00/turn    (no ring)
MPRegen 0.10/turn

%: no passive effects
@: bloodless, inhibited regen
A: bloodless, fangs 3, see invisible, vampiric 1
a: Revivify


You were on level 1 of the Dungeon.
You visited 1 branch of the dungeon, and saw 1 of its levels.

You collected 48 gold pieces.

Inventory:

Hand Weapons
 a - a +0 dagger (weapon)
Armour
 b - a +0 robe (worn)
 c - a +0 hat (worn)
 i - a +0 pair of gloves (worn)
Scrolls
 e - 3 scrolls of poison {unknown}
 f - a scroll of identify {unknown}
 j - a scroll of immolation {unknown}
Potions
 d - a potion of magic
 g - a potion of attraction {unknown}
 h - a potion of curing {unknown}


   Skills:
 - Level 2.1 Dodging
 - Level 3.0 Stealth
 + Level 2.1 Unarmed Combat
 - Level 3.0 Spellcasting
 - Level 0.6 Conjurations
 - Level 1.0 Summonings
 - Level 0.7 Translocations


You had 6 spell levels left.
You knew the following spells:

 Your Spells              Type           Power      Damage    Failure   Level
a - Magic Dart            Conj           16%        1d3       14%         1

Your spell library contained the following spells:

 Spells                   Type           Power      Damage    Failure   Level
 Slow                     Hex            8%         N/A       19%         1
 Call Imp                 Summ           10%        N/A       19%         2
 Blink                    Tloc           8%         N/A       22%         2
 Cigotuvi's Dreadful Rot  Necr/Pois/Air  4%         N/A       28%         2
 Poisonous Vapours        Pois/Air       4%         N/A       28%         2
 Mephitic Cloud           Conj/Pois/Air  3%         N/A       45%         3
 Freezing Cloud           Conj/Ice/Air   1%         6-21      99%         5


Dungeon Overview and Level Annotations

Branches:
Dungeon (1/15)

Altars:


Innate Abilities, Weirdness & Mutations

You do not regenerate when monsters are visible.
You are frail without blood (-20% HP).
You can heal yourself when you bite living creatures.
You are immune to poison.
You have razor-sharp teeth.
You have supernaturally acute eyesight. (SInv)
You are afflicted with vampirism.


Message History

j - a scroll labelled EGILATORRY
Found a scroll labelled GEOFUS UMMAAGH.
A quokka and a goblin come into view.
Found 11 gold pieces.
There are monsters nearby!
There are monsters nearby!
You see here 8 gold pieces.
You now have 48 gold pieces (gained 8).
An endoplasm comes into view.
Found a There-And-Back Book.
The endoplasm quivers.
The goblin shouts!
The goblin hits you with a +0 club.
You hit the goblin.
The goblin is heavily wounded.
The goblin hits you with a +0 club.
A rat comes into view.
You barely miss the goblin.
The goblin is heavily wounded.
The quokka bites you but does no damage.
The goblin hits you with a +0 club.
The endoplasm hits you but does no damage.
You hit the goblin.
You kill the goblin!
The quokka bites you. The endoplasm freezes you.
You are frozen.
You resist. The endoplasm attacks as you move away! The endoplasm hits you.
* * * LOW HITPOINT WARNING * * *
The endoplasm misses you. The quokka barely misses you.
Casting: Magic Dart (safe; 14% risk of failure)
Confirm with . or Enter, or press ? or * to list all spells.
Aiming: Magic Dart (safe; 14% risk of failure)
Press: ? - help, Shift-Dir - straight line, f - quokka
Aim: a quokka (100% to hit)
The magic dart hits the quokka.
The quokka is moderately wounded.
The quokka bites you.
You die...

............#.######
.............)......
.......................
................$......
......#....####r.......
.....#.#..####........
...#.#.....J........
#+#.#.#....#r#+###...
#####.#...#.#..#@#.###.##
[................)......
#####..........#.#.###.#
#########..#.#... ....#.#
... ........ ##...
......#.# .## # ..#.....#
# # ..?.......


You could see an endoplasm, a quokka and a rat.

Vanquished Creatures
  A dart slug (D:1)
  An endoplasm (D:1)
  A goblin (D:1)
  A hobgoblin (D:1)
  A quokka (D:1)
  A ball python (D:1)
  2 bats (D:1)
  A rat (D:1)
9 creatures vanquished.

Notes
Turn   | Place    | Note
-------+----------+-------------------------------------------
     0 | D:1      | SnakkuSnakku7 the Vampire Hedge Wizard began the quest for
                  | the Orb.
     0 | D:1      | Reached XP level 1. HP: 13/13 MP: 4/4
   184 | D:1      | Reached skill level 1 in Unarmed Combat
   315 | D:1      | Reached XP level 2. HP: 15/15 MP: 6/6
   430 | D:1      | Slain by a quokka

Illustrated notes

Levels and vault maps discovered:
D:1:      matt_arrival_los_fun, layout_basic, minmay_tromino_i2

Skill      XL: |  1  2 |
---------------+-------+-----
Unarmed Combat | 1 2 |  2.1
Dodging        | |  2.1
Stealth        | |  3.0
Spellcasting   | |  3.0
Conjurations   | |  0.6
Summonings     | |  1.0
Translocations | |  0.7

Action                     || total
---------------------------++-------
  Melee: Dagger            ||    21
         Bite              ||     2
   Cast: Magic Dart        ||     1
Ability: Exsanguinate      ||     1
   Stab: Sleeping          ||     5
 Armour: Robe              ||     3
  Dodge: Dodged            ||    11
